 Dungeon Crawl Stone Soup version 0.29.0-11-gd7f09526c8 (webtiles) character file.

Game seed: 14837356561832664996

11758 Gabide the Covert (level 11, -5/162 HPs)
             Began as a Naga Monk on Sept 3, 2022.
             Was a High Priest of Cheibriados.
             Slain by an elephant (13 damage)
             ... on level 2 of the Lair of Beasts.
             The game lasted 00:40:34 (12928 turns).

Gabide the Covert (Naga Monk)                      Turns: 12928, Time: 00:40:34

Health: -5/162     AC: 25    Str: 25    XL:     11   Next: 82%
Magic:  3/9        EV:  1    Int: 24    God:    Cheibriados [*****.]
Gold:   551        SH:  7    Dex: 29    Spells: 10/10 levels left

rFire   . . .      SeeInvis +   a - +0 short sword (elec)
rCold   . . .      Faith    .   k - +0 buckler
rNeg    + . .      Spirit   .   (body armour currently unavailable)
rPois   +          Reflect  .   (helmet currently unavailable)
rElec   .          Harm     .   (cloak currently unavailable)
rCorr   .          Rampage  .   (gloves currently unavailable)
Will    +....      Rage     3%  (no barding)
Stlth   ++++++.... NoTele   +   (no amulet)
HPRegen 0.00/turn               m - ring of positive energy
MPRegen 0.11/turn               (no ring)

@: tree-form, on berserk cooldown, inhibited regen, very slow
A: stationary, stasis, torment immunity, boosted hp, AC +3, large, see
invisible, (deformed body), (poison resistance), (slowness 2), spit poison 1,
(naga tail 1), berserk 1, (fire resistance 1), low MP 1, inhibited regeneration
a: Spit Poison, Renounce Religion, Bend Time, Temporal Distortion, Slouch, Step
From Time


You were on level 2 of the Lair of Beasts.
You worshipped Cheibriados.
Cheibriados was extremely pleased with you.
You were a tree.
You visited 3 branches of the dungeon, and saw 12 of its levels.

You collected 551 gold pieces.

Inventory:

Hand Weapons
 a - a +0 short sword of electrocution (weapon)
 b - a +0 vorpal sling
 c - a +0 great sword
 r - a +0 dagger of venom
 v - a +1 dagger of distortion
Missiles
 f - 15 boomerangs
 o - 2 javelins
 w - 2 throwing nets
 y - 8 poisoned darts
 A - a curare-tipped dart
Armour
 j - a +2 animal skin (melded)
 k - a +0 buckler (worn)
 l - a +2 helmet (melded)
 C - a +2 pair of gloves (melded)
 L - an orb of light
Jewellery
 m - a ring of positive energy (left branch)
 E - a ring of ice
 I - a +4 ring of protection
 N - a ring of willpower
Wands
 F - a wand of charming (14)
 H - a wand of light (5)
Scrolls
 d - a scroll of poison
 h - 3 scrolls of blinking
 i - 2 scrolls of magic mapping
 n - 2 scrolls of summoning
 p - a scroll of acquirement {unknown}
 q - 3 scrolls of teleportation
 u - a scroll of noise {unknown}
 x - a scroll of silence {unknown}
 z - a scroll of immolation {unknown}
 J - a scroll of vulnerability {unknown}
 K - a scroll of torment {unknown}
 O - a scroll of fear {unknown}
Potions
 e - 2 potions of curing
 g - 2 potions of lignification
 t - a potion of cancellation
 B - a potion of ambrosia
 D - a potion of flight {unknown}
 G - 2 potions of resistance {unknown}
 M - a potion of might


   Skills:
 + Level 9.7 Fighting
 + Level 9.5 Short Blades
 + Level 7.9 Dodging
 + Level 14.0 Stealth
 - Level 4.0 Shields


You had 10 spell levels left.
You didn't know any spells.
Your spell library contained the following spells:

 Spells                   Type           Power      Damage    Failure   Level
 Foxfire                  Conj/Fire      0%         2x1d4     19%         1
 Freeze                   Ice            0%         1d3       19%         1
 Magic Dart               Conj           0%         1d3       19%         1
 Blink                    Tloc           0%         N/A       26%         2
 Searing Ray              Conj           0%         2d4       26%         2
 Conjure Flame            Conj/Fire      0%         6-21      47%         3
 Frozen Ramparts          Ice            0%         1d1       47%         3
 Inner Flame              Hex/Fire       0%         N/A       47%         3
 Lesser Beckoning         Tloc           0%         N/A       47%         3
 Flame Wave               Conj/Fire      0%         2d4       87%         4
 Fulminant Prism          Conj/Hex       0%         3d6       87%         4
 Hailstorm                Conj/Ice       0%         3d3       87%         4
 Manifold Assault         Tloc           0%         N/A       99%         5


Dungeon Overview and Level Annotations

Branches:
Dungeon (9/15)             Temple (1/1) D:6            Lair (2/5) D:9
  Swamp: Lair:2-3    Shoals: Lair:2-3     Snake: Lair:2-3    Spider: Lair:2-3
    Orc: D:9-12

Altars:
Ashenzari
Cheibriados
Dithmenos
Elyvilon
Fedhas
Gozag
Hepliaklqana
Kikubaaqudgha
Makhleb
Nemelex Xobeh
Okawaru
Qazlal
Ru
Sif Muna
Trog
Uskayaw
Vehumet
Wu Jian
Xom
Yredelemnul
Zin
The Shining One
Jiyva

Shops:
D:6 [   D:9 [:

Annotations:
D:8 3 runed translucent doors, kalagan's ghost, novice DECj


Innate Abilities, Weirdness & Mutations

You are a tree.
Your roots penetrate the ground, keeping you stationary.
You cannot be teleported.
You are immune to unholy pain and torment.
Your maximum health is greatly increased.
Your equipment is partially melded.
((Your serpentine skin is tough. (AC +3)))
You have supernaturally acute eyesight. (SInv)
((Armour fits poorly on your strangely shaped body.))
((Your system is resistant to poisons. (rPois)))
((You cover ground very slowly.))
You can spit poison.
((You have a snake-like lower body.))
You sometimes lose your temper in combat.
((Your flesh is heat resistant. (rF+)))
Your magical capacity is low. (-10% MP)
You do not regenerate when monsters are visible.


Message History

You cannot move. (Use ctrl+direction or * direction to attack while stationary and confused.)
You cannot move. (Use ctrl+direction or * direction to attack while stationary and confused.)
You attack the rock wall.
The elephant tramples you!
* * * LOW HITPOINT WARNING * * *
The elephant trunk-slaps you but does no damage.
You attack the rock wall.
The elephant tramples you but does no damage.
The elephant trunk-slaps you but does no damage.
You hit the elephant but do no damage.
The elephant is severely wounded.
You attack the rock wall.
The elephant tramples you!
* * * LOW HITPOINT WARNING * * *
The elephant trunk-slaps you but does no damage.
You hit the elephant but do no damage.
The elephant is severely wounded.
You attack the rock wall.
The elephant tramples you but does no damage.
The elephant trunk-slaps you but does no damage.
You hit the elephant but do no damage.
The elephant is severely wounded.
The elephant tramples you.
* * * LOW HITPOINT WARNING * * *
The elephant trunk-slaps you but does no damage.
Okay, then.
Unknown command.
You hit the plant.
The plant begins to die.
The plant is lightly damaged.
The elephant tramples you!
* * * LOW HITPOINT WARNING * * *
The elephant trunk-slaps you but does no damage.
You feel better.
You feel less invigorated. The elephant tramples you!
* * * LOW HITPOINT WARNING * * *
You block the elephant's attack. The flow of time bends around you.
The elephant resists with some effort.
The elephant tramples you!
* * * LOW HITPOINT WARNING * * *
The elephant trunk-slaps you but does no damage.
The flow of time bends around you.
The elephant resists with some effort.
The elephant tramples you!
You die...

##. ####P#.#...###
..^<, ##.#...........*
..... #.........)...P
.....# ##............#
......####............P
.......#...............
.......†..Y#>..........
......###.Y#..........#
..... ###♣..........#
..>. ##P##.#....## ##P
########### #


You could see 2 elephants.

Vanquished Creatures
  A two-headed ogre (D:6)
  Pikel (D:4)
  2 elephants (Lair:2)
  A torpor snail (Lair:1)
  3 cane toads (Lair:2)
  A komodo dragon (D:9)
  Grinder (D:4)
  A hornet (D:8)
  5 blink frogs (Lair:1)
  Sigmund (D:5)
  A shadow (D:9)
  A basilisk (Lair:2)
  A wyvern (D:7)
  13 yaks
  An acid dragon (D:9)
  Edmund (D:4)
  2 water moccasins
  2 ice beasts
  2 sky beasts (D:7)
  3 black bears
  3 orc warriors
  3 wolves (Lair:1)
  A centaur (D:7)
  2 ogres
  A lemure (D:4)
  3 phantoms
  7 bullfrogs
  2 kobold brigands
  2 scorpions (D:6)
  A necrophage (D:7)
  4 wights (D:6)
  16 killer bees
  A howler monkey (D:8)
  5 orc priests
  3 hounds
  3 iguanas
  2 gnoll boudas (D:7)
  13 orc wizards
  Robin (D:3)
  17 gnolls
  3 adders
  A shadow imp (D:5)
  2 ufetubi
  A worm (D:5)
  7 dart slugs
  39 orcs
  A bat (D:2)
  5 endoplasms
  4 giant cockroaches
  11 goblins
  7 hobgoblins
  8 jackals
  16 kobolds
  4 quokkas
  8 ball pythons
  3 rats (D:1)
254 creatures vanquished.

Vanquished Creatures (others)
  An orc (D:8)
  A fungus (Lair:2)
  5 plants
7 creatures vanquished.

Grand Total: 261 creatures vanquished

Notes
Turn   | Place    | Note
-------+----------+-------------------------------------------
     0 | D:1      | Gabide the Naga Monk began the quest for the Orb.
     0 | D:1      | Reached XP level 1. HP: 21/21 MP: 1/1
   225 | D:1      | Reached XP level 2. HP: 28/28 MP: 2/2
   441 | D:1      | Found a faded altar of an unknown god.
   717 | D:1      | Reached XP level 3. HP: 17/34 MP: 3/3
  1218 | D:2      | Reached skill level 4 in Stealth
  1832 | D:3      | Gained mutation: You are clumsy. (Dex -2) [potion of
                  | mutation]
  1832 | D:3      | Gained mutation: Your mind is acute. (Int +4, Str/Dex -1)
                  | [potion of mutation]
  1839 | D:3      | Reached XP level 4. HP: 16/42 MP: 4/4
  2074 | D:3      | Noticed Robin
  2075 | D:3      | Reached skill level 1 in Shields
  2149 | D:3      | Reached XP level 5. HP: 21/49 MP: 5/5
  2169 | D:3      | Killed Robin
  3346 | D:4      | Reached XP level 6. HP: 53/57 MP: 6/6
  3412 | D:4      | Noticed Edmund
  3414 | D:4      | Reached skill level 5 in Stealth
  3442 | D:4      | Killed Edmund
  3874 | D:4      | Reached XP level 7. HP: 58/64 MP: 7/7
  3908 | D:4      | Lost mutation: You are clumsy. (Dex -2) [potion of
                  | mutation]
  3908 | D:4      | Lost mutation: Your mind is acute. (Int +4, Str/Dex -1)
                  | [potion of mutation]
  3908 | D:4      | Gained mutation: You occasionally shout uncontrollably at
                  | your foes. [potion of mutation]
  3908 | D:4      | Gained mutation: You are agile. (Dex +4, Str/Int -1)
                  | [potion of mutation]
  3908 | D:4      | Gained mutation: You expend magic power (3 MP) to
                  | strengthen your wands. [potion of mutation]
  3931 | D:4      | Noticed Grinder
  3937 | D:4      | Noticed Pikel
  3950 | D:4      | Killed Pikel
  3951 | D:4      | Reached skill level 5 in Fighting
  3951 | D:4      | Reached skill level 6 in Stealth
  3951 | D:4      | Reached XP level 8. HP: 47/74 MP: 8/8
  3963 | D:4      | Killed Grinder
  3964 | D:4      | Reached skill level 5 in Short Blades
  3964 | D:4      | Reached skill level 7 in Stealth
  4395 | D:5      | Entered Level 5 of the Dungeon
  4395 | D:5      | You fall into a shaft and drop 3 floors!
  4407 | D:7      | Noticed a wyvern
  4435 | D:8      | Noticed a hornet
  4445 | D:8      | Killed a hornet
  4612 | D:7      | Reached skill level 8 in Stealth
  4730 | D:7      | Reached XP level 9. HP: 39/82 MP: 9/9
  5132 | D:7      | Reached skill level 5 in Dodging
  5324 | D:7      | Reached skill level 9 in Stealth
  6130 | D:7      | Found a blossoming altar of Fedhas.
  6462 | D:6      | Reached skill level 10 in Stealth
  6652 | D:6      | Found Sobloduo's Armour Shoppe.
  6681 | D:6      | Found a staircase to the Ecumenical Temple.
  6706 | Temple   | Entered the Ecumenical Temple
  6957 | Temple   | Became a worshipper of Cheibriados the Contemplative
  6957 | Temple   | Reached * piety under Cheibriados
  6957 | Temple   | Reached ** piety under Cheibriados
  7037 | D:6      | Noticed a two-headed ogre
  7042 | D:6      | Killed a two-headed ogre
  7043 | D:6      | Reached XP level 10. HP: 78/94 MP: 10/10
  7234 | D:6      | Reached skill level 11 in Stealth
  8034 | D:5      | Noticed Sigmund
  8041 | D:5      | Killed Sigmund
  8209 | D:5      | Reached *** piety under Cheibriados
  8357 | D:5      | Found an iron altar of Okawaru.
  8363 | D:5      | Found a sacrificial altar of Ru.
  8367 | D:5      | Found an ornate altar of the Wu Jian Council.
  8367 | D:5      | Found a bloodstained altar of Trog.
  8367 | D:5      | Found a glowing golden altar of the Shining One.
  9200 | D:8      | Found a shadowy altar of Dithmenos.
  9671 | D:8      | Found a runed translucent gate.
  9672 | D:8      | Found a runed translucent gate.
  9673 | D:8      | Found a runed translucent gate.
  9674 | D:8      | Noticed kalagan's ghost (novice DECj)
  9676 | D:8      | Found a viscous altar of Jiyva.
  9823 | D:9      | Reached skill level 12 in Stealth
  9830 | D:9      | Reached **** piety under Cheibriados
  9898 | D:9      | Found Vietoh's Vocational Training.
 10042 | D:9      | Reached XP level 11. HP: 37/104 MP: 11/11
 10496 | D:9      | Found a staircase to the Lair.
 10705 | D:9      | Reached ***** piety under Cheibriados
 10865 | D:9      | Found Hiczuklu's Armour Shoppe.
 11133 | Lair:1   | Entered Level 1 of the Lair of Beasts
 11362 | Lair:1   | Reached skill level 13 in Stealth
 12771 | Lair:2   | Lost mutation: You are agile. (Dex +4, Str/Int -1) [potion
                  | of mutation]
 12771 | Lair:2   | Lost mutation: You expend magic power (3 MP) to strengthen
                  | your wands. [potion of mutation]
 12771 | Lair:2   | Lost mutation: You occasionally shout uncontrollably at
                  | your foes. [potion of mutation]
 12771 | Lair:2   | Gained mutation: You are clumsy. (Dex -2) [potion of
                  | mutation]
 12771 | Lair:2   | Gained mutation: You passively map a small area around you.
                  | [potion of mutation]
 12771 | Lair:2   | Gained mutation: You are frail. (-10% HP) [potion of
                  | mutation]
 12771 | Lair:2   | Gained mutation: You expend magic power (3 MP) to
                  | strengthen your wands. [potion of mutation]
 12772 | Lair:2   | Lost mutation: You are frail. (-10% HP) [potion of
                  | mutation]
 12772 | Lair:2   | Lost mutation: You passively map a small area around you.
                  | [potion of mutation]
 12772 | Lair:2   | Lost mutation: You are clumsy. (Dex -2) [potion of
                  | mutation]
 12772 | Lair:2   | Gained mutation: Your muscles are strong. (Str +4, Int/Dex
                  | -1) [potion of mutation]
 12772 | Lair:2   | Gained mutation: Your tail ends in a venomous barb. [potion
                  | of mutation]
 12854 | Lair:2   | Lost mutation: Your tail ends in a venomous barb. [potion
                  | of mutation]
 12854 | Lair:2   | Lost mutation: You expend magic power (3 MP) to strengthen
                  | your wands. [potion of mutation]
 12854 | Lair:2   | Lost mutation: Your muscles are strong. (Str +4, Int/Dex
                  | -1) [potion of mutation]
 12854 | Lair:2   | Gained mutation: Your magical capacity is low. (-10% MP)
                  | [potion of mutation]
 12854 | Lair:2   | Gained mutation: You do not regenerate when monsters are
                  | visible. [potion of mutation]
 12854 | Lair:2   | Gained mutation: You sometimes lose your temper in combat.
                  | [potion of mutation]
 12854 | Lair:2   | Gained mutation: Your flesh is heat resistant. (rF+)
                  | [potion of mutation]
 12895 | Lair:2   | Reached skill level 14 in Stealth
 12915 | Lair:2   | HP: 7/162 [elephant (12)]
 12927 | Lair:2   | HP: 8/162 [elephant (9)]
 12928 | Lair:2   | Slain by an elephant

Illustrated notes

Levels and vault maps discovered:
D:1:      dpeg_arrival_rooms_c, layout_loops_ring,
          shapermc_ecumenical_altar_venn, fountainhead
D:2:      layout_rooms, st_stairs_12, kennysheep_decorative_pillar
D:3:      layout_loops_ring, grunt_decor_arrowhead,
          minmay_misc_feat_more_columns, kennysheep_orc_chapel, uniq_robin
D:4:      layout_basic, chequers_serial_rivers_micro_c,
          hangedman_decor_clover_reticule, uniq_pikel, uniq_edmund, uniq_grinder
D:5:      layout_basic, grunt_temple_overflow_open, eino_tiny_chamber,
          supply_closet_lemuel, nrook_campfire, kennysheep_another_room,
          minmay_misc_feat_roman, st_stairs_13, uniq_sigmund
D:6:      layout_rooms, minmay_temple_entry_statues_fountains, serial_shops,
          kennysheep_mini_moat, nicolae_elevator_lobby_plus
D:7:      layout_rooms, mainiacjoe_overflow_chevrons
D:8:      layout_basic, nicolae_dithmenos_the_darkroom, gammafunk_ghost_ooze,
          grunt_decor_cap
D:9:      layout_small_grid, david_lair_shrubbed, serial_shops, shop,
          nicolae_shop_vocational
Temple:   regret_index_temple_generic_petals
Lair:1:   layout_cave_pods, guppyfry_lair_drakes
Lair:2:   layout_roguey

Skill      XL: |  1  2  3  4  5  6  7  8  9 10 11 |
---------------+----------------------------------+-----
Stealth        | 4 5 6 8 10 12 14 | 14.0
Shields        | 1 2 3 4 |  4.0
Dodging        | 3 4 6 7 |  7.9
Fighting       | 4 5 6 7 8 9 |  9.7
Short Blades   | 4 5 7 8 9 |  9.5

Action                   |  1- 3 |  4- 6 |  7- 9 | 10-12 || total
-------------------------+-------+-------+-------+-------++-------
Melee: Short sword       |    75 |   170 |   250 |   571 ||  1066
       Dagger            |       |     6 |    18 |       ||    24
 Fire: Sling             |       |       |     7 |       ||     7
Throw: Javelin           |       |     1 |     1 |       ||     2
       Dart              |       |       |     6 |       ||     6
       Boomerang         |       |       |     1 |       ||     1
       Throwing net      |       |       |     1 |       ||     1
Invok: Bend Time         |       |       |       |     2 ||     2
 Abil: Spit Poison       |    26 |    24 |    27 |    51 ||   128
  Use: Potion            |     2 |     6 |     7 |     9 ||    24
       Scroll            |     2 |     2 |     9 |     2 ||    15
 Stab: Sleeping          |     3 |     4 |     6 |    10 ||    23
       Invisible         |       |       |     3 |       ||     3
       Held in net/web   |       |       |     2 |       ||     2
Armor: Robe              |     6 |    18 |       |       ||    24
       Animal skin       |       |    11 |    65 |   133 ||   209
       Skin              |       |       |    42 |    17 ||    59
Dodge: Dodged            |    29 |    61 |   134 |   398 ||   622
Block: Buckler           |       |    28 |    72 |   215 ||   315
